 Dungeon Crawl Stone Soup version 0.25-a0-578-gc91f01c (webtiles) character file.

Game seed: 7934088858814096564, levelgen mode: deterministic

3330 Faca the Grappler (level 9, -5/93 HPs)
             Began as a Troll Chaos Knight on Mar 6, 2020.
             Was a Plaything of Xom.
             Slain by an orc warrior
             ... wielding a +0 trident
              (16 damage)
             ... in a bailey.
             The game lasted 00:18:07 (5701 turns).

Faca the Grappler (Troll Chaos Knight)              Turns: 5701, Time: 00:18:08

Health: -5/93      AC:  7    Str: 25    XL:     9   Next: 71%
Magic:  8/8        EV:  9    Int:  8    God:    Xom [....*.]
Gold:   283        SH:  0    Dex:  9    Spells: 8/8 levels left

rFire    . . .     SeeInvis .     - Unarmed
rCold    . . .     Gourm    +   (no shield)
rNeg     . . .     Faith    .   z - +0 swamp dragon scales
rPois    +         Spirit   .   (helmet restricted)
rElec    .         Reflect  .   (no cloak)
rCorr    .         Harm     .   (gloves unavailable)
MR       +....                  (boots unavailable)
Stlth    ..........             (no amulet)
HPRegen  0.65/turn              (no ring)
MPRegen  0.11/turn              (no ring)

@: stab, lightly drained
A: large, unfitting armour, claws 3, talons 1, blurry vision 2, deformed body,
fast metabolism 3, gourmand, magic resistance 1, regeneration 1, screaming 1,
shaggy fur 1, tough skin 3
a: Renounce Religion


You were in a bailey.
You worshipped Xom.
You were a beloved toy of Xom.
You were very full.

You visited 1 branch of the dungeon, and saw 7 of its levels.
You also visited: Bailey.

You collected 283 gold pieces.

Inventory:

Hand Weapons
 a - a +4 spear
Missiles
 d - 8 curare-tipped darts
 f - 281 stones (quivered)
 h - 4 javelins
 n - 9 boomerangs
 r - 5 atropa-tipped darts
Armour
 z - +0 swamp dragon scales (worn)
Wands
 p - a wand of flame (3)
 q - a wand of scattershot (6)
 t - a wand of random effects (20)
Scrolls
 l - a scroll of teleportation
 m - 3 scrolls of remove curse
 o - a scroll of enchant armour
Potions
 c - 2 potions of mutation {unknown}
 i - a potion of heal wounds {unknown}
 j - a potion of curing
 k - 3 potions of lignification {unknown}
 s - 2 potions of degeneration {unknown}
 u - a potion of brilliance {unknown}
 x - a potion of might {unknown}
Comestibles
 b - 17 rations
 v - 3 chunks of flesh


   Skills:
 + Level 7.6(7.2) Fighting
 + Level 6.1(5.7) Throwing
 - Level 1.9(1.6) Dodging
 + Level 9.1(8.7) Unarmed Combat


You had 8 spell levels left.
You didn't know any spells.
Your spell library was empty.

Dungeon Overview and Level Annotations

Branches:
Dungeon (7/15)             Temple (0/1) D:4          Bailey (1/1)

Altars:
Ashenzari
Elyvilon
Gozag
Kikubaaqudgha
Nemelex Xobeh
Sif Muna
Trog
Uskayaw
Xom
The Shining One

Annotations:
D:6 Menkaure


Innate Abilities, Weirdness & Mutations

You are too large for most types of armour.
You have claws for hands.
Your metabolism is lightning-fast.
You like to eat raw meat.
Your natural rate of healing is unusually fast.
You are covered in fur. (AC +1)
You have extremely tough skin. (AC +3)
You have sharp toenails.
Scrolls take you longer to read.
Armour fits poorly on your strangely shaped body.
You are resistant to hostile enchantments. (MR+)
You occasionally shout uncontrollably at your foes.


Message History

You mangle the orc!!
You kill the orc!
The orc closely misses you. The orc barely misses you.
The orc hits you but does no damage. The orc warrior barely misses you.
You claw the orc!
You kill the orc!
The orc hits you from afar with a +0 trident.
* * * LOW HITPOINT WARNING * * *
It was a potion of curing.
You feel better.
Xom thinks this is hilarious!
The orc closely misses you.
The orc hits you from afar with a +0 halberd!
* * * LOW HITPOINT WARNING * * *
The orc warrior hits you from afar with a +0 trident!
* * * LOW HITPOINT WARNING * * *
Xom thinks this is hilarious!
You feel better. The orc closely misses you.
The orc warrior hits you from afar with a +0 trident!
You die...
Xom laughs nastily!

############
#........∩.##
............#
............#
.........o.∩#
........)o))#
........oo.@#
#....o..oo.##
############


You could see an orc warrior and 6 orcs.

Vanquished Creatures
  Maggie (D:6)
  Grinder (D:5)
  Edmund (D:5)
  An orc warrior (D:5)
  2 sky beasts (D:5)
  A phantom (D:4)
  6 ogres
  2 bullfrogs (D:6)
  A wyvern zombie (D:6)
  2 scorpions
  7 wights (D:6)
  A howler monkey (D:5)
  6 electric eels (D:5)
  A bullfrog zombie (D:6)
  4 hounds
  2 orc priests (D:6)
  A gnoll shaman (D:4)
  4 iguanas
  4 orc wizards
  4 worker ants
  A hound zombie (D:6)
  Robin (D:4)
  7 adders
  9 gnolls
  A shadow imp (D:6)
  An ooze (D:3)
  An adder skeleton (D:6)
  A worm (D:2)
  3 dart slugs
  2 leopard geckos
  33 orcs
  3 giant cockroaches
  18 goblins
  13 hobgoblins
  10 jackals
  2 kobolds
  3 quokkas
  5 bats
  6 frilled lizards
  A jackal skeleton (D:6)
  7 rats
180 creatures vanquished.

Vanquished Creatures (collateral kills)
  Prince Ribbit (D:5)
  A giant cockroach (D:4)
2 creatures vanquished.

Vanquished Creatures (others)
  3 plants (D:5)
3 creatures vanquished.

Grand Total: 185 creatures vanquished

Notes
Turn   | Place    | Note
-------+----------+-------------------------------------------
     0 | D:1      | Faca the Troll Chaos Knight began the quest for the Orb.
     0 | D:1      | Reached XP level 1. HP: 22/22 MP: 0/0
    25 | D:1      | Reached XP level 2. HP: 25/29 MP: 1/1
    54 | D:1      | XOM: harmless Conj miscast
   148 | D:1      | Reached XP level 3. HP: 37/37 MP: 2/2
   312 | D:1      | XOM: silly message
   851 | D:3      | XOM: harmless Hex miscast
   898 | D:3      | Reached skill level 4 in Unarmed Combat
   936 | D:3      | Reached XP level 4. HP: 36/45 MP: 3/3
  1047 | D:3      | XOM: harmless Chrm miscast
  1134 | D:3      | Reached XP level 5. HP: 53/54 MP: 4/4
  1163 | D:3      | Found an opulent altar of Gozag.
  1296 | D:3      | XOM: cloud trail
  1413 | D:3      | Found a glowing golden altar of the Shining One.
  1413 | D:3      | Found a hide-covered altar of Uskayaw.
  1418 | D:3      | Found a shimmering blue altar of Sif Muna.
  1420 | D:3      | Found a bloodstained altar of Trog.
  1421 | D:3      | Found a sparkling altar of Nemelex Xobeh.
  1567 | D:4      | XOM: silly message
  1605 | D:4      | Noticed Robin
  1621 | D:4      | Killed Robin
  1621 | D:4      | Reached skill level 5 in Unarmed Combat
  1682 | D:4      | Found a staircase to the Ecumenical Temple.
  1748 | D:4      | Reached XP level 6. HP: 44/62 MP: 5/5
  1828 | D:4      | XOM: harmless Chrm miscast
  1843 | D:4      | XOM: scenery: create altars
  1941 | D:4      | XOM: god gift: 5 atropa-tipped darts
  2068 | D:4      | XOM: cast spell 'Summon Mana Viper'
  2154 | D:4      | Found an ancient bone altar of Kikubaaqudgha.
  2159 | D:4      | XOM: cast spell 'Ring of Flames'
  2160 | D:4      | Reached skill level 5 in Fighting
  2160 | D:4      | Reached skill level 1 in Throwing
  2160 | D:4      | Reached skill level 6 in Unarmed Combat
  2160 | D:4      | Reached XP level 7. HP: 72/72 MP: 6/6
  2397 | D:5      | Entered Level 5 of the Dungeon
  2542 | D:5      | XOM: noise
  2660 | D:5      | XOM: give mutations
  2660 | D:5      | Gained mutation: You occasionally shout uncontrollably at
                  | your foes. [Xom's mischief]
  2660 | D:5      | Gained mutation: Scrolls take you a little longer to read.
                  | [Xom's mischief]
  2660 | D:5      | Gained mutation: Armour fits poorly on your strangely
                  | shaped body. [Xom's mischief]
  2660 | D:5      | Gained mutation: Scrolls take you longer to read. [Xom's
                  | mischief]
  2778 | D:5      | Noticed Prince Ribbit
  2783 | D:5      | XOM: scenery: create altars
  2786 | D:5      | XOM: summons 2 friendly demons
  2788 | D:5      | Killed Prince Ribbit
  2788 | D:5      | Reached XP level 8. HP: 27/83 MP: 7/7
  2920 | D:5      | XOM: god gift: runed garnet ring {god gift}
  2929 | D:5      | XOM: scenery: 1 doors close
  3238 | D:5      | Reached skill level 7 in Unarmed Combat
  3542 | D:5      | XOM: 4-stop teleportation journey
  3683 | D:5      | Noticed Edmund
  3694 | D:5      | Killed Edmund
  3832 | D:5      | Noticed Grinder
  3833 | D:5      | Found a white marble altar of Elyvilon.
  3833 | D:5      | Paralysed by Grinder for 2 turns
  3845 | D:5      | Killed Grinder
  3992 | D:5      | Reached skill level 8 in Unarmed Combat
  4235 | D:5      | Reached XP level 9. HP: 72/92 MP: 8/8
  4294 | D:5      | XOM: medium Air miscast
  4362 | D:6      | Noticed Menkaure
  4362 | D:6      | Noticed Maggie
  4655 | D:6      | Reached skill level 5 in Throwing
  4687 | D:6      | XOM: mild Hex miscast
  4784 | D:6      | XOM: confusion
  4855 | D:6      | XOM: divination: magic mapping
  4868 | D:6      | XOM: fake destruction
  5105 | D:6      | XOM: give mutations
  5105 | D:6      | Gained mutation: You are resistant to hostile enchantments.
                  | (MR+) [Xom's mischief]
  5105 | D:6      | Gained mutation: You have sharp toenails. [Xom's mischief]
  5136 | D:6      | Found a shattered altar of Ashenzari.
  5139 | D:6      | XOM: scenery: create altars
  5189 | D:6      | XOM: scenery: create altars
  5191 | D:6      | Killed Maggie
  5325 | D:6      | XOM: cast spell 'Discord'
  5331 | D:6      | Reached skill level 9 in Unarmed Combat
  5508 | D:6      | XOM: god gift: scroll labeled YLEWNI QOICO {god gift}
  5660 | D:7      | Found a flagged portal.
  5676 | Bailey   | Entered a bailey
  5682 | Bailey   | XOM: enchant monster (good)
  5700 | Bailey   | HP: 1/93 [orc warrior/+0 trident (7)]
  5701 | Bailey   | Slain by an orc warrior

Levels and vault maps discovered:
D:1:      minmay_arrival_stair_chambers, layout_rooms
D:2:      layout_rooms, first_ration
D:3:      layout_rooms, chequers_temple_overflow_minitemple,
          serial_bayou_pond_b, minmay_misc_feat_square, grunt_gozag_breadcrumbs
D:4:      layout_loops_ring, kennysheep_mini, minmay_temple_entry_mini_moons,
          uniq_robin
D:5:      cheibrodos_two_vegetables, layout_loops_corners, lemuel_crystal_altar,
          bh_chokoban, kennysheep_generic_room_13, uniq_edmund,
          uniq_prince_ribbit1, uniq_grinder
D:6:      layout_loops_ring, cheibrodos_ashenzari_chains, st_stairs_14,
          minmay_puff, uniq_menkaure, uniq_maggie
D:7:      layout_basic, grunt_temple_overflow_lords_of_destruction,
          serial_aquarium, aquarium_bridge_long_separate
          [aquarium_subvault_wall, aquarium_subvault_bridge,
          aquarium_subvault_wall, aquarium_subvault_window,
          aquarium_subvault_bridge, aquarium_subvault_bridge],
          aquarium_bridge_square [aquarium_subvault_bridge,
          aquarium_subvault_bridge, aquarium_subvault_window,
          aquarium_subvault_window], aquarium_window_1, aquarium_window_2,
          aquarium_window_1, aquarium_window_corner, aquarium_view_2b,
          aquarium_view_2c, lightli_bailey_entry_fortress, tgw_trog
Bailey:   bailey_polearm_5, bailey

Skill      XL: |  1  2  3  4  5  6  7  8  9 |
---------------+----------------------------+-----
Fighting       | 3 4 5 6 7 |  7.6
Unarmed Combat | 4 5 6 8 9 |  9.1
Throwing       | 1 2 4 6 |  6.1
Dodging        | |  1.9

Action                   |  1- 3 |  4- 6 |  7- 9 || total
-------------------------+-------+-------+-------++-------
Melee: Unarmed           |   121 |   185 |   252 ||   558
       Punch             |     1 |     9 |     8 ||    18
       Kick              |       |       |    16 ||    16
Throw: Stone             |       |       |     5 ||     5
Evoke: Wand              |       |       |     9 ||     9
  Use: Scroll            |     5 |     1 |     4 ||    10
       Potion            |       |       |     3 ||     3
  Eat: Chunk             |    14 |    12 |    31 ||    57
Armor: Robe              |    64 |   103 |    49 ||   216
       Swamp dragon scal |       |       |    17 ||    17
Dodge: Dodged            |    67 |   120 |   128 ||   315

Table legend:
 A = Non-vault XP
 B = Vault XP
 C = Vault XP percentage of total XP
 D = Non-vault monster count
 E = Vault monster count
 F = Vault count percentage of total count
                 A         B        C        D         E       F
            +---------+---------+-------+---------+---------+-------
      Total |    3067 |    1691 |  35.5 |     139 |      43 |  23.6
            +---------+---------+-------+---------+---------+-------
        D:1 |      56 |       0 |   0.0 |      25 |       0 |   0.0
        D:2 |      18 |       0 |   0.0 |       8 |       0 |   0.0
        D:3 |     115 |      27 |  19.0 |      29 |       7 |  19.4
        D:4 |     616 |      39 |   6.0 |      26 |      13 |  33.3
        D:5 |     984 |    1185 |  54.6 |      21 |      13 |  38.2
        D:6 |    1278 |     407 |  24.2 |      30 |       2 |   6.2
        D:7 |       0 |      18 | 100.0 |       0 |       3 | 100.0
     Bailey |       0 |      15 | 100.0 |       0 |       5 | 100.0
            +---------+---------+-------+---------+---------+-------
